 Dungeon Crawl Stone Soup version 0.31.0-11-ge490571c62 (webtiles) character file.

Game seed: 13809116795207820344

365 qw the Shooter (level 6, -3/31 HPs)
             Began as a Spriggan Hunter on Feb 3, 2024.
             Slain by an orc
             ... wielding a +0 trident
              (5 damage)
             ... on level 4 of the Dungeon.
             The game lasted 00:00:09 (2267 turns).

qw the Shooter (Spriggan Hunter)                    Turns: 2267, Time: 00:00:10

Health: -3/31      AC:  2    Str:  7    XL:     6   Next: 40%
Magic:  7/7        EV: 21    Int: 10    God:
Gold:   116        SH:  0    Dex: 21    Spells: 5/5 levels left

rFire   . . .        a - +0 shortbow
rCold   . . .        (shield currently unavailable)
rNeg    . . .        c - +0 robe
rPois   .            (helmet restricted)
rElec   .            (no cloak)
rCorr   .            (gloves unavailable)
SInv    +            (boots unavailable)
Will    ++...        (no amulet)
Stlth   ++           j - ring of willpower
HPRegen 0.25/turn    (no ring)
MPRegen 0.10/turn

%: no passive effects
@: very quick
A: very small, no large weapons, unfitting armour, see invisible, speed 3
a: no special abilities


You were on level 4 of the Dungeon.
You visited 1 branch of the dungeon, and saw 4 of its levels.

You collected 146 gold pieces.
You spent 30 gold pieces at shops.


Innate Abilities, Weirdness & Mutations

You are very small and have problems with some larger weapons.
You are too small for most types of armour.
You have supernaturally acute eyesight. (SInv)
You cover ground extremely quickly. (Speed+++)


   Skills:
 - Level 2.3 Fighting
 + Level 6.2 Ranged Weapons
 - Level 6.0 Dodging
 - Level 1.5 Stealth


You had 5 spell levels left.
You didn't know any spells.
Your spell library was empty.

Inventory:

Hand Weapons
 a - a +0 shortbow (weapon)
Armour
 c - a +0 robe (worn)
Jewellery
 j - a ring of willpower (left hand)
Wands
 k - a wand of roots (10)
Scrolls
 b - a scroll of enchant weapon {unknown}
 l - a scroll of fog {unknown}
Potions
 d - a potion of might
 e - a potion of heal wounds {unknown}
 f - 2 potions of curing
 g - a potion of brilliance {unknown}
 h - a potion of enlightenment
 i - a potion of invisibility {unknown}

Dungeon Overview and Level Annotations

Branches:
Dungeon (4/15)
 Temple: D:4-7

Altars:
Yredelemnul

Shops:
D:2 !


Message History

You shoot an arrow. The arrow hits the orc wizard.
You kill the orc wizard!
The orc hits you from afar with a +0 trident.
The orc priest looks encouraged for a moment.
The orc misses you.
Your Dodging skill increases to level 6!
You shoot an arrow. The arrow hits the orc!
You kill the orc!
The orc closely misses you.
You shoot an arrow. The arrow barely misses the orc priest.
The orc misses you.
You shoot an arrow. The arrow hits the orc priest.
The orc priest is lightly wounded.
The orc completely misses you.
You shoot an arrow. The arrow hits the orc priest!
The orc priest is severely wounded.
The orc completely misses you.
The orc priest mumbles some strange prayers to Beogh against you.
You resist with almost no effort.
You shoot an arrow.
The arrow hits the orc priest but does no damage.
The orc priest is severely wounded.
The orc misses you.
The orc priest mumbles some strange prayers to Beogh against you.
Beogh smites you!
You shoot an arrow.
The arrow closely misses the orc priest.
The orc hits you from afar with a +0 trident!
The orc priest barely misses you.
You shoot an arrow.
The arrow hits the orc priest but does no damage.
The orc priest is severely wounded.
The orc completely misses you. The orc priest hits you with a +0 whip.
You shoot an arrow. The arrow hits the orc priest.
The orc priest is severely wounded.
The orc completely misses you. The orc priest completely misses you.
You shoot an arrow. The arrow hits the orc priest.
The orc priest is almost dead.
The orc hits you from afar with a +0 trident.
You die...

#########
##...#...##
#.........##
...........#
...........##
..)..)......##
#......).....##
#....o.@......#
.......o......#
##............#
#............#####
#...................
.............#######
.#............#
..<..........# .
............#### #.


You could see an orc priest and an orc.

Vanquished Creatures
  A phantom (D:4)
  A scorpion (D:4)
  A hound (D:4)
  2 orc wizards
  Robin (D:2)
  5 adders
  A dart slug (D:1)
  11 orcs
  6 ball pythons
  6 bats
  4 endoplasms
  2 giant cockroaches
  14 goblins
  9 hobgoblins
  9 kobolds
  A quokka (D:3)
  3 frilled lizards
  10 rats
87 creatures vanquished.

Notes
Turn   | Place    | Note
-------+----------+-------------------------------------------
     0 | D:1      | qw the Spriggan Hunter began the quest for the Orb.
     0 | D:1      | Reached XP level 1. HP: 10/10 MP: 2/2
     0 | D:1      | 0 ||| qw: Version: 0.3-a-158-g18b3111
     0 | D:1      | 0 ||| qw: Game counter: 4152
     0 | D:1      | 0 ||| qw: Melee chars always use a shield: true
     0 | D:1      | 0 ||| qw: God list: Okawaru
     0 | D:1      | 0 ||| qw: Allow faded altars: false
     0 | D:1      | 0 ||| qw: Do Orc after clearing Dungeon:15 true
     0 | D:1      | 0 ||| qw: Do second Lair branch before Depths: true
     0 | D:1      | 0 ||| qw: Lair rune preference: random
     0 | D:1      | 0 ||| qw: Goals: Normal
     0 | D:1      | 0 ||| PLANNING D:1-11
    39 | D:1      | Reached skill level 3 in Dodging
    64 | D:1      | Found a faded altar of an unknown god.
    77 | D:1      | Reached XP level 2. HP: 14/14 MP: 3/3
   743 | D:1      | 743 ||| READING 2 scrolls labelled YNATAG KEDU.
   743 | D:1      | 743 ||| IDENTIFYING white potion
   744 | D:1      | 744 ||| READING scroll of identify.
   744 | D:1      | 744 ||| IDENTIFYING brown potion
   745 | D:1      | 745 ||| READING scroll labelled ZEJAROI VEUQU.
   746 | D:1      | 746 ||| READING scroll labelled ALOK HOM XYE.
   847 | D:1      | 847 ||| DROPPING scroll of butterflies.
   848 | D:1      | 848 ||| DROPPING potion of attraction.
   856 | D:2      | Reached XP level 3. HP: 18/18 MP: 4/4
   893 | D:2      | Noticed Robin
   900 | D:2      | Killed Robin
  1156 | D:2      | Reached XP level 4. HP: 22/22 MP: 5/5
  1227 | D:2      | Found Onoodua's Distillery.
  1233 | D:2      | 1233 ||| SHOPLISTING 2 potions of haste (200 gold, have
                  | 54).
  1233 | D:2      | 1233 ||| BUYING potion of curing (30 gold).
  1233 | D:2      | Bought a potion of curing for 30 gold pieces
  1233 | D:2      | 1233 ||| SHOPLISTING potion of curing (30 gold, have 24).
  1233 | D:2      | 1233 ||| SHOPLISTING potion of enlightenment (50 gold, have
                  | 24).
  1527 | D:2      | 1527 ||| UPGRADING to ring of willpower.
  1528 | D:2      | 1528 ||| READING scroll of identify.
  1528 | D:2      | 1528 ||| IDENTIFYING blue potion
  1529 | D:2      | 1529 ||| DROPPING potion of degeneration.
  1558 | D:3      | 1558 ||| STAIRDANCE
  1589 | D:3      | 1589 ||| STAIRDANCE
  1648 | D:3      | Found a basalt altar of Yredelemnul.
  1737 | D:3      | Reached XP level 5. HP: 27/27 MP: 6/6
  1886 | D:3      | 1886 ||| READING scroll of identify.
  1886 | D:3      | 1886 ||| IDENTIFYING pink potion
  1887 | D:3      | 1887 ||| READING scroll labelled JALEDD SUMAAPLY.
  1888 | D:3      | 1888 ||| READING scroll labelled ESCHES BEFUO.
  1989 | D:3      | 1989 ||| READING scroll labelled RAP DICSIEREOMANE.
  1990 | D:3      | 1990 ||| READING scroll labelled OSENTO GUFF.
  2086 | D:4      | Noticed a phantom
  2102 | D:4      | Killed a phantom
  2103 | D:4      | Reached skill level 6 in Ranged Weapons
  2103 | D:4      | Reached XP level 6. HP: 22/31 MP: 7/7
  2259 | D:4      | Reached skill level 6 in Dodging
  2264 | D:4      | HP: 3/31 [orc/+0 trident (8)]
  2267 | D:4      | Slain by an orc

Levels and vault maps discovered:
D:1:      nicolae_arrival_somewhat_less_tricky_arrival, layout_basic,
          hellmonk_ecumenical_altar_lost_god
D:2:      layout_loops_ring, serial_shops, shop, kennysheep_generic_room_14,
          uniq_robin
D:3:      layout_rooms, overflow_temple_1_default
D:4:      layout_rooms

Skill      XL: |  1  2  3  4  5  6 |
---------------+-------------------+-----
Dodging        | 3 4 5 6 |  6.0
Ranged Weapons | 5 6 |  6.2
Fighting       | 2 |  2.3
Stealth        | |  1.5

Action                     |  1- 3 |  4- 6 || total
---------------------------+-------+-------++-------
   Fire: Shortbow          |    98 |   142 ||   240
    Use: Scroll            |     4 |     6 ||    10
 Armour: Robe              |     5 |    20 ||    25
  Dodge: Dodged            |    13 |    62 ||    75

Table legend:
 A = Non-vault XP
 B = Vault XP
 C = Vault XP percentage of total XP
 D = Non-vault monster count
 E = Vault monster count
 F = Vault count percentage of total count
                 A         B        C        D         E       F
            +---------+---------+-------+---------+---------+-------
      Total |     481 |      41 |   7.9 |      73 |      14 |  16.1
            +---------+---------+-------+---------+---------+-------
        D:1 |      39 |       0 |   0.0 |      22 |       0 |   0.0
        D:2 |      75 |      41 |  35.3 |      21 |      14 |  40.0
        D:3 |      59 |       0 |   0.0 |      14 |       0 |   0.0
        D:4 |     308 |       0 |   0.0 |      16 |       0 |   0.0
            +---------+---------+-------+---------+---------+-------
